Unix NetHack Version 5.0.0-0 post-release - last build May 23 2026 06:08:33 (1c0ff79ee797540d5714e4e18072db0edd9e58ae,branch:main).

Game began 2026-05-26 18:07:44, ended 2026-05-26 18:12:58.

Atomicjoy, chaotic male elven Wizard

                                                                          ---
                                                                          |...|
                                                                          |...|
                                                                         --.---
                                                                         |@.|
                                                                         |.G-
                                                                      ....f..|
                                                                      -<....-
                                                                      --..^.|
                                                                       --...---
                                                                        --....|
                                                                         -#-..|
                                                                           ----

Atomicjoy the Evoker      St:11 Dx:9 Co:14 In:18 Wi:14 Ch:9  Chaotic
Dlvl:4  $:14 HP:0(13) Pw:9(9) AC:9  Xp:1 T:528 

Latest messages:
 You see here a food ration.
 p - a food ration (4 in total).
 The door opens.
 You swap places with your kitten.
 You descend the stairs.
 The dwarf is caught in a bear trap!
 The dwarf picks up a tripe ration.
 The dwarf throws a stout spear!
 You are hit by a stout spear!
 You don't have enough energy to cast that spell yet.
 Are you waiting to get hit?  Use 'm' prefix to force a no-op (to rest).
 The dwarf wields a broad short sword!
 You descend the stairs.
 You hear some noises.
 You hear crashing rock.
 The hobbit drinks a bubbly potion!
 Suddenly you cannot see the hobbit.
 The gnome hits!
 The gnome is almost hit by a dart!
 The gnome picks up a dart.
 The gnome throws a dart!
 The dart hits it.
 You hear some noises in the distance.
 You see here a bag.
 You carefully open the bag...
 It develops a huge set of teeth and bites you!
 y - a bag of tricks.
 The dwarf reads a scroll labeled MAPIRO MAHAMA DIROMAT!
 The dwarf vanishes!
 The kitten drops a dart.
 The gnome lord is almost hit by a dart!
 The gnome lord picks up a dart.
 The kitten bites the gnome lord.
 The gnome lord misses the kitten.
 The kitten bites the gnome lord.
 The gnome lord hits!
 The kitten bites the gnome lord.
 The gnome lord misses the kitten.
 The gnome lord picks up a dart.
 The kitten bites the gnome lord.
 The kitten misses the gnome lord.
 The kitten bites the gnome lord.
 The gnome lord hits!
 Are you sure you want to pray? [yn] (n) y
 You begin praying to Anhur.
 The kitten bites the gnome lord.
 The gnome lord misses the kitten.
 The gnome lord hits!
 You die...
 Do you want your possessions identified? [ynq] (y) q

Inventory:
 Coins    ('$')
  $ - 14 gold pieces
 Weapons  (')')
  a - a blessed +1 quarterstaff (weapon in hands)
 Armor    ('[')
  t - an uncursed burnt +0 pair of jumping boots (being worn)
  b - a blessed +0 cloak of magic resistance (being worn)
 Comestibles  ('%')
  p - 4 uncursed food rations
  w - an uncursed lembas wafer
  x - an uncursed lichen corpse
 Scrolls  ('?')
  q - an uncursed scroll of destroy armor
  i - an uncursed scroll of enchant weapon
  u - a cursed scroll of gold detection
  j - a blessed scroll of identify
  k - an uncursed scroll of remove curse
  r - an uncursed scroll of scare monster
 Spellbooks  ('+')
  v - an uncursed spellbook of create familiar
  l - a blessed spellbook of force bolt
  m - an uncursed spellbook of sleep
 Potions  ('!')
  g - an uncursed potion of gain ability
  h - a blessed potion of paralysis
  f - an uncursed potion of paralysis
 Rings    ('=')
  e - an uncursed +1 ring of increase damage
  d - an uncursed ring of searching
 Wands    ('/')
  c - a wand of magic missile (0:8)
 Tools    ('(')
  y - a bag of tricks (0:3)
  o - an uncursed bell
  n - a magic marker (0:22)
 Gems/Stones  ('*')
  s - a cursed worthless piece of white glass

Atomicjoy the Wizard's attributes:

Background:
 You were an Evoker, a level 1 male elven Wizard.
 You were chaotic, on a mission for Anhur
 who was opposed by Ptah (lawful) and Thoth (neutral).
 You were right-handed.
 You were in the Gnomish Mines, on level 4.
 You entered the dungeon 528 turns ago.
 You had 3 experience points, 17 more were needed to attain level 2.

Basics:
 You had 0 out of 13 hit points.
 You had all 9 energy points (spell power).
 Your armor class was 9.
 Your wallet contained 14 zorkmids.
 Autopickup was off.

Final Characteristics:
 Your strength was 11 (limit:18).
 Your dexterity was 9 (limit:18).
 Your constitution was 14 (limit:16).
 Your intelligence was 18 (limit:20).
 Your wisdom was 14 (limit:20).
 Your charisma was 9 (limit:18).

Final Status:
 You weren't hungry.
 You were unencumbered.
 You were wielding a quarterstaff.
 You had basic skill with quarterstaff.

Final Attributes:
 You were fervently aligned.
 You were magic-protected.
 You had infravision.
 You could jump.
 You were warded.
 You are dead.

Miscellaneous:
 You didn't encounter any bones levels.
 Total elapsed playing time was 5 minutes and 13 seconds.

Major events:
 Turn
    1: Atomicjoy the chaotic male elven Wizard entered the dungeon
  486: entered the Gnomish Mines
  528: killed by a gnome lord, while praying

Spells:
 Name                 Level Category     Fail Retention
 force bolt             1   attack         0%  91%-100%
 sleep                  3   enchantment   31%  91%-100%

Skills:
 Fighting Skills
   bare handed combat [Unskilled]
   riding             [Unskilled]
 Weapon Skills
   dagger             [Unskilled]
   knife              [Unskilled]
   axe                [Unskilled]
   short sword        [Unskilled]
   club               [Unskilled]
   mace               [Unskilled]
   quarterstaff       [Basic]
   polearms           [Unskilled]
   spear              [Unskilled]
   trident            [Unskilled]
   sling              [Unskilled]
   dart               [Unskilled]
   shuriken           [Unskilled]
 Spellcasting Skills
   attack spells      [Basic]
   healing spells     [Unskilled]
   divination spells  [Unskilled]
   enchantment spells [Basic]
   clerical spells    [Unskilled]
   escape spells      [Unskilled]
   matter spells      [Unskilled]

Voluntary challenges:
 Character rerolling was not enabled.
 You went without food.
 You never genocided any monsters.
 You never polymorphed an object.
 You never changed form.
 You used no wishes.
Achievement:
 You entered the Gnomish Mines.

 The Dungeons of Doom: levels 1 to 2
    Level 1:
       Some fountains.
    Level 2:
       Stairs down to The Gnomish Mines.
 The Gnomish Mines: levels 3 to 4
    Level 3:
    Level 4: <- You were here.
       Final resting place for
          you, killed by a gnome lord, while praying.


Vanquished creatures:
  a dwarf
  a hobbit
  2 gnomes
  2 jackals
  a sewer rat
  a grid bug
  a lichen
9 creatures vanquished.

No species were genocided or became extinct.

Game over:
                       ----------
                      /          \
                     /    REST    \
                    /      IN      \
                   /     PEACE      \
                  /                  \
                  |    Atomicjoy     |
                  |      14 Au       |
                  |   killed by a    |
                  |    gnome lord    |
                  |                  |
                  |                  |
                  |       2026       |
                 *|     *  *  *      | *
        _________)/\\_//(\/(/\)/\//\/|_)_______

Goodbye Atomicjoy the Wizard...

You died in The Gnomish Mines on dungeon level 4 with 175 points,
and 14 pieces of gold, after 528 moves.
You were level 1 with a maximum of 13 hit points when you died.

